 Dungeon Crawl Stone Soup version 0.30.0 (webtiles) character file.

Game seed: 7920578379488245071

457 Ayyar the Shield-Bearer (level 7, -7/44 HPs)
             Began as a Gargoyle Fighter on May 24, 2023.
             Killed by divine providence
             ... invoked by an orc priest
              (12 damage)
             ... on level 4 of the Dungeon.
             The game lasted 00:08:36 (3337 turns).

Ayyar the Shield-Bearer (Gargoyle Fighter)          Turns: 3337, Time: 00:08:36

Health: -7/44      AC: 14    Str: 21    XL:     7   Next: 6%
Magic:  7/7        EV:  9    Int:  9    God:
Gold:   151        SH:  4    Dex:  9    Spells: 6/6 levels left

rFire   . . .        a - +0 flail
rCold   . . .        c - +0 buckler
rNeg    + . .        b - +0 scale mail
rPois   ∞            (no helmet)
rElec   +            s - +0 cloak
rCorr   .            (no gloves)
SInv    .            h - +0 pair of boots
Will    .....        (no amulet) Stlth
                     (no ring)
HPRegen 0.27/turn    (no ring)
MPRegen 0.10/turn

%: no passive effects
@: attractive, flying
A: sickness immunity, AC +4, negative energy resistance 1, electricity
resistance, torment resistance 1, petrification resistance
a: no special abilities


You were on level 4 of the Dungeon.
You visited 1 branch of the dungeon, and saw 4 of its levels.

You collected 151 gold pieces.

Inventory:

Hand Weapons
 a - a +0 flail (weapon)
Missiles
 e - 2 poisoned darts (quivered)
Armour
 b - a +0 scale mail (worn)
 c - a +0 buckler (worn)
 h - a +0 pair of boots (worn)
 s - a +0 cloak (worn)
Jewellery
 l - a ring of ice
 m - a ring of flight
Scrolls
 o - a scroll of teleportation {unknown}
 p - 2 scrolls of identify {unknown}
 t - 2 scrolls of noise {unknown}
Potions
 d - 2 potions of might
 f - a potion of mutation {unknown}
 g - a potion of attraction
 i - 5 potions of curing
 j - 2 potions of heal wounds {unknown}
 k - a potion of invisibility {unknown}
 n - 3 potions of flight
 q - a potion of degeneration {unknown}
 r - a potion of haste {unknown}


   Skills:
 + Level 4.9 Fighting
 * Level 4.2 Maces & Flails
 + Level 5.0 Armour
 + Level 5.0 Shields


You had 6 spell levels left.
You didn't know any spells.
Your spell library contained the following spells:

 Spells                   Type           Power      Damage    Failure   Level
 Frozen Ramparts          Ice            0%         1d1       98%         3
 Animate Armour           Summ/Erth      0%         N/A       100%        4
 Ice Form                 Ice/Tmut       0%         N/A       100%        4
 Summon Ice Beast         Ice/Summ       0%         N/A       100%        4
 Blade Hands              Tmut           0%         N/A       100%        5
 Iron Shot                Conj/Erth      0%         9d1       100%        6


Dungeon Overview and Level Annotations

Branches:
Dungeon (4/15)
 Temple: D:4-7

Altars:
Ashenzari
Makhleb
Nemelex Xobeh
Trog


Innate Abilities, Weirdness & Mutations

You are immune to sickness and miasma.
Your stone body is resilient. (AC +4)
You are immune to poison.
You resist negative energy. (rN+)
You are resistant to electric shocks. (rElec)
You are resistant to unholy torment.
You are immune to petrification.


Message History

Deactivating autopickup; reactivate with Ctrl-A.
An orc priest comes into view. It is wielding a +0 flail.
The orc priest mumbles some strange prayers to Beogh against you.
Beogh smites you!
You hear some strange, mumbled words.
Something tries to affect you, but you resist.
You hit the orc priest.
The orc priest is moderately wounded.
The orc priest hits you with a +0 club.
You barely miss the orc priest.
The orc priest is moderately wounded.
The orc priest begins to cast a cantrip, but forgets the words!
The orc priest looks braver for a moment.
You hear some strange, mumbled words.
A puff of flame appears from out of thin air!
The puff of flame hits you.
You barely miss the orc priest.
The orc priest is moderately wounded.
The orc priest hits you with a +0 club. Something hits you but does no damage.
You hit the orc priest but do no damage.
The orc priest is moderately wounded.
The orc priest hits you but does no damage.
Something hits you but does no damage.
The orc priest mumbles some strange prayers to Beogh against you.
Beogh smites you!
The orc priest calls down the wrath of Beogh upon you.
Beogh smites you!
* * * LOW HITPOINT WARNING * * *
The orc priest hits you but does no damage.
Something hits you but does no damage.
It was a potion of flight.
You feel very buoyant.
You fly up into the air.
The orc priest hits you but does no damage.
Something hits you but does no damage.
It was a potion of attraction.
You feel attractive to monsters.
The orc priest mumbles some strange prayers to Beogh against you.
Beogh smites you!
You die...

####..............##
........#.........#
..................#
..................#
..................#
.###..............# #.
#....#.........#
##...###o...#.>.......#
....oo{@............###
.....###........#####
#...........##### #
#.######.# .## ##


You could see 3 orc priests.

Vanquished Creatures
  Sigmund (D:3)
  A phantom (D:3)
  Crazy Yiuf (D:3)
  A hound (D:4)
  Jessica (D:3)
  An iguana (D:4)
  4 adders
  A worm (D:3)
  2 dart slugs (D:3)
  8 orcs (D:3)
  8 endoplasms
  2 giant cockroaches (D:1)
  4 goblins
  6 hobgoblins
  5 jackals (D:3)
  2 quokkas
  3 ball pythons
  7 bats
  4 frilled lizards
  5 kobolds
  5 rats
72 creatures vanquished.

Vanquished Creatures (others)
  A plant (D:2)
1 creature vanquished.

Grand Total: 73 creatures vanquished

Notes
Turn   | Place    | Note
-------+----------+-------------------------------------------
     0 | D:1      | Ayyar the Gargoyle Fighter began the quest for the Orb.
     0 | D:1      | Reached XP level 1. HP: 14/14 MP: 1/1
   197 | D:1      | Reached XP level 2. HP: 19/19 MP: 2/2
  1110 | D:2      | Reached XP level 3. HP: 23/23 MP: 3/3
  1141 | D:2      | Found a faded altar of an unknown god.
  1191 | D:2      | Found a bloodstained altar of Trog.
  1897 | D:3      | Found a runed translucent door.
  1898 | D:3      | Noticed Crazy Yiuf
  1969 | D:3      | Reached XP level 4. HP: 22/29 MP: 4/4
  2083 | D:3      | Found a burning altar of Makhleb.
  2348 | D:3      | Noticed Jessica
  2356 | D:3      | Killed Jessica
  2371 | D:3      | Reached XP level 5. HP: 33/33 MP: 5/5
  2612 | D:3      | Found a sparkling altar of Nemelex Xobeh.
  2690 | D:3      | Noticed a phantom
  2744 | D:3      | Killed a phantom
  2885 | D:3      | Killed Crazy Yiuf
  2886 | D:3      | Reached XP level 6. HP: 19/39 MP: 6/6
  2987 | D:4      | Found a broken altar of Ashenzari.
  3113 | D:4      | Noticed Sigmund
  3183 | D:3      | Killed Sigmund
  3184 | D:3      | Reached skill level 5 in Armour
  3184 | D:3      | Reached skill level 5 in Shields
  3184 | D:3      | Reached XP level 7. HP: 27/44 MP: 7/7
  3337 | D:4      | Killed from afar by an orc priest

Illustrated notes

Levels and vault maps discovered:
D:1:      lightli_arrival_windingriver, layout_loops_corners, roderic_lattice_a,
          serial_park_tiny_pond
D:2:      layout_loops_corners, shapermc_ecumenical_altar_ellora, basic_altar
D:3:      layout_loops_ring, mainiacjoe_overflow_alcove_2,
          lightli_temple_of_fire, minmay_between, uniq_jessica,
          uniq_crazy_yiuf_cottage
D:4:      layout_basic, nicolae_overflow_crystal_walls, evilmike_ruin_ashenzari,
          serial_shops, shop, sigmund_army

Skill      XL: |  1  2  3  4  5  6 |
---------------+-------------------+-----
Shields        | 4 5 |  5.0
Armour         | 4 5 |  5.0
Fighting       | 4 |  4.9
Maces & Flails | 3 4 |  4.2

Action                     |  1- 3 |  4- 6 |  7- 9 || total
---------------------------+-------+-------+-------++-------
  Melee: Flail             |   114 |   164 |     4 ||   282
  Throw: Dart              |       |     8 |     1 ||     9
    Use: Potion            |       |     1 |     2 ||     3
 Armour: Scale mail        |    70 |    73 |     7 ||   150
  Dodge: Dodged            |    44 |    75 |       ||   119
  Block: Buckler           |    35 |    37 |       ||    72
